 Dungeon Crawl Stone Soup version 0.23-a0-182-g58cdd98 (webtiles) character file.

148 HerrDoktor the Chiller (level 5, -1/39 HPs)
             Began as a Ghoul Ice Elementalist on Sept 20, 2018.
             Slain by an orc
             ... wielding a +0 mace
              (4 damage)
             ... on level 4 of the Dungeon.
             The game lasted 00:13:15 (3124 turns).

HerrDoktor the Chiller (Ghoul Ice Elementalist)     Turns: 3124, Time: 00:13:16

Health: -1/39      AC:  2    Str: 12    XL:     5   Next: 30%
Magic:  3/8        EV: 14    Int: 11    God:
Gold:   214        SH:  0    Dex:  9    Spells: 3/9 levels left

rFire    . . .     SeeInvis .   (no weapon)
rCold    + . .     Gourm    .   (no shield)
rNeg     + + +     Faith    +   a - +0 robe
rPois    ∞         Spirit   .   (no helmet)
rElec    .         Reflect  .   (no cloak)
rCorr    .         Harm     .   (no gloves)
MR       .....                  (no boots)
Stlth    ++........             q - amulet of faith
HPRegen  0.00/turn              g - +2 ring of evasion
MPRegen  0.11/turn              (no ring)

@: rotting
A: rotting body, claws 1, carnivore, cold resistance 1, negative energy
resistance 3, inhibited regeneration, torment resistance, unbreathing
a: no special abilities


You were on level 4 of the Dungeon.
You were not hungry.

You visited 1 branch of the dungeon, and saw 5 of its levels.

You collected 214 gold pieces.

Inventory:

Armour
 a - a +0 robe (worn)
 d - a +0 pair of boots
Jewellery
 g - a +2 ring of evasion (left claw)
 q - an amulet of faith (around neck)
Scrolls
 f - 2 scrolls of identify
 k - a scroll of remove curse
 p - a scroll of amnesia
Potions
 i - a potion of might
 l - a potion of flight {unknown}
 m - a potion of curing
 n - a potion of cancellation {unknown}
Comestibles
 c - 7 rations


   Skills:
 + Level 0.3 Fighting
 + Level 2.1 Dodging
 + Level 2.5 Stealth
 + Level 0.1 Unarmed Combat
 + Level 2.9 Spellcasting
 + Level 0.7 Conjurations
 * Level 5.1 Ice Magic


You had 3 spell levels left.
You knew the following spells:

 Your Spells              Type           Power        Failure   Level  Hunger
a - Freeze                Ice            ##..         3%          1    #......
b - Throw Frost           Conj/Ice       #.....       12%         2    ###....
c - Ozocubu's Armour      Chrm/Ice       #.......     28%         3    ###....

Your spell library contained the following spells:

 Spells                   Type           Power        Failure   Level  Hunger
 Throw Icicle             Conj/Ice       #.......     61%         4    #####..
 Summon Ice Beast         Ice/Summ       #.......     67%         4    #####..


Dungeon Overview and Level Annotations

Branches:
Dungeon (5/15)
 Temple: D:4-7

Altars:
Yredelemnul
Zin


Innate Abilities, Weirdness & Mutations

Your body is rotting away.
You thrive on raw meat.
You are immune to poison.
You have sharp fingernails.
You are carnivorous and can eat meat at any time.
Your flesh is cold resistant. (rC+)
You are immune to negative energy. (rN+++)
You do not regenerate when monsters are visible.
You are immune to unholy pain and torment.
You can survive without breathing.


Message History

Confirm with . or Enter, or press ? or * to list all spells.
Aiming: Freeze (safe; 3% risk of failure)
Press: ? - help, Shift-Dir - straight line, f/p - orc
Aim: an orc, wielding a war axe (severely wounded)
You freeze the orc.
You kill the orc!
The orc priest invokes the aid of Beogh against you.
Beogh smites you!
* * * LOW HITPOINT WARNING * * *
The orc closely misses you. The orc hits you but does no damage.
The orc priest hits you with a club.
* * * LOW HITPOINT WARNING * * *
The orc hits you with a hand axe.
* * * LOW HITPOINT WARNING * * *
There is a stone staircase leading up here.
Things that are here:
a war axe; an orc corpse
Okay, then.
The orc hits you with a mace.
You die...

###....o### #....o#
.# #.....###### .#
#.....o#.>.##.#
#.#.##.#.#..#.#
#.#.##.#....#.###
#.#.............####
>.####.#.#.o........
! #.#.#o@....###
..#.#.o.#..#
####.#......#
#.......## ###...###
#...# #...# #....
......


You could see an orc priest and 2 orcs.

Vanquished Creatures
  A hound (D:5)
  A worker ant (D:4)
  3 adders
  A worm (D:3)
  A dart slug (D:2)
  2 leopard geckos
  4 orcs
  10 bats
  3 giant cockroaches
  4 goblins
  3 hobgoblins
  2 jackals (D:3)
  A quokka (D:2)
  6 frilled lizards
  9 kobolds
  11 rats
  A spectral orc (D:2)
63 creatures vanquished.

Notes
Turn   | Place    | Note
-------+----------+-------------------------------------------
     0 | D:1      | HerrDoktor the Ghoul Ice Elementalist began the quest for
                  | the Orb.
     0 | D:1      | Reached XP level 1. HP: 14/14 MP: 2/2
   386 | D:1      | Reached XP level 2. HP: 20/20 MP: 0/3
   391 | D:1      | Learned a level 2 spell: Throw Frost
   957 | D:2      | Reached skill level 4 in Ice Magic
   957 | D:2      | Reached XP level 3. HP: 24/24 MP: 0/5
  1131 | D:2      | Found a glowing silver altar of Zin.
  1578 | D:2      | Found a basalt altar of Yredelemnul.
  2425 | D:3      | Reached XP level 4. HP: 30/32 MP: 0/6
  2464 | D:3      | Learned a level 3 spell: Ozocubu's Armour
  3050 | D:5      | Entered Level 5 of the Dungeon
  3057 | D:5      | Reached skill level 5 in Ice Magic
  3057 | D:5      | Reached XP level 5. HP: 13/39 MP: 0/8
  3124 | D:4      | Slain by an orc

Vault maps used:
D:1:      saegor_arrival_simple_e
D:2:      zin_treasury, yredelemnul_forgotten_temple_becter
D:3:      first_ration
D:4:      marbit_many_paths, uniq_menkaure
D:5:      makhleb_altar_promises_db, lemuel_blue_sif_altar,
          minmay_temple_entry_nine_rooms

Skill      XL: |  1  2  3  4 |
---------------+-------------+-----
Dodging        | 2 |  2.1
Spellcasting   | 2 |  2.9
Ice Magic      | 4 5 |  5.1
Fighting       | |  0.3
Stealth        | |  2.5
Unarmed Combat | |  0.1
Conjurations   | |  0.7

Action                   |  1- 3 |  4- 6 || total
-------------------------+-------+-------++-------
Melee: Unarmed           |    25 |    13 ||    38
 Cast: Freeze            |    59 |    31 ||    90
       Throw Frost       |    15 |     8 ||    23
  Use: Scroll            |       |     7 ||     7
       Potion            |       |     4 ||     4
 Stab: Sleeping          |     1 |     1 ||     2
  Eat: Chunk             |    12 |     6 ||    18
Armor: Robe              |    13 |     7 ||    20
Dodge: Dodged            |    50 |    33 ||    83

Table legend:
 A = Non-vault XP
 B = Vault XP
 C = Vault XP percentage of total XP
 D = Non-vault monster count
 E = Vault monster count
 F = Vault count percentage of total count
                 A         B        C        D         E       F
            +---------+---------+-------+---------+---------+-------
      Total |     211 |       1 |   0.5 |      62 |       1 |   1.6
            +---------+---------+-------+---------+---------+-------
        D:1 |      25 |       0 |   0.0 |      10 |       0 |   0.0
        D:2 |      30 |       1 |   3.2 |      21 |       1 |   4.5
        D:3 |      70 |       0 |   0.0 |      27 |       0 |   0.0
        D:4 |      37 |       0 |   0.0 |       2 |       0 |   0.0
        D:5 |      49 |       0 |   0.0 |       2 |       0 |   0.0
            +---------+---------+-------+---------+---------+-------
